 Dungeon Crawl Stone Soup version 0.18-a0-1140-g8540535 (webtiles) character file.

189 namelastname112 the Fighter (level 5, -5/55 HPs)
             Began as a Draconian Wanderer on Jan 21, 2016.
             Killed from afar by an orc (42 damage)
             ... with an exploding inner flame
             ... hexed by the player character
             ... on level 4 of the Dungeon.
             The game lasted 00:04:32 (2512 turns).

namelastname112 the Fighter (Draconian Wanderer)    Turns: 2512, Time: 00:04:32

Health: -5/55      AC:  5    Str: 14    XL:     5   Next: 40%
Magic:  5/5        EV: 12    Int: 15    God:
Gold:   127        SH:  0    Dex:  9    Spells: 0 memorised, 4 levels left

rFire  . . .     SeeInvis .     k - +3 dagger (drain)
rCold  . . .     Gourm    .     (armour unavailable)
rNeg   . . .     Faith    .     (no shield)
rPois  .         Spirit   .     (helmet restricted)
rElec  .         Dismiss  .     (no cloak)
rCorr  .         Reflect  .     (no gloves)
SustAt .         Harm     .     (no boots)
MR     .....                    (no amulet)
Stlth  +.........               (no ring)
                                (no ring)

@: drained, not resistant to hostile enchantments, very unstealthy
A: unfitting armour, cold-blooded, AC +5
a: no special abilities


You were on level 4 of the Dungeon.
You were not hungry.

You visited 1 branch of the dungeon, and saw 4 of its levels.

You collected 127 gold pieces.

Inventory:

Hand Weapons
 c - a +0 hand crossbow
 e - a +0 hand axe
 k - a +3 dagger of draining (weapon)
Missiles
 d - 28 bolts
 i - a throwing net (quivered)
 n - 4 silver javelins
Scrolls
 h - 4 scrolls of identify
Potions
 b - a potion of haste
 g - 2 potions of curing
 j - a potion of brilliance {unknown}
 o - a potion of agility {unknown}
 p - a potion of poison {unknown}
 q - a potion of berserk rage {unknown}
 s - a potion of magic {unknown}
Comestibles
 f - 4 bread rations
 r - a chunk of flesh


   Skills:
 + Level 8.3(7.8) Fighting
 * Level 3.6(3.1) Axes
 - Level 1.0(0.5) Throwing
 + Level 2.1(1.7) Dodging
 - Level 1.0(0.5) Stealth


You had 4 spell levels left.
You didn't know any spells.

Dungeon Overview and Level Annotations

Branches:
Dungeon (4/15)
 Temple: D:4-7

Altars:
Ashenzari
Dithmenos
Elyvilon
Zin


Innate Abilities, Weirdness & Mutations

Your plain brown scales are hard (AC +5).
Your body does not fit into most forms of armour.
You are cold-blooded and may be slowed by cold attacks.


Message History

As you read the scroll labeled KOHAPLYKAM, it crumbles to dust.
It is a scroll of recharging.
You aren't carrying any rechargeable items.
Read which item? (? for menu, Esc to quit)
As you read the scroll labeled YMITOPTOLE, it crumbles to dust.
The creatures around you are filled with an inner flame!
It was a scroll of immolation.
Unknown command.
An orc priest comes into view. It is wielding a dagger.
The orc priest shouts!
You hit the orc.
The orc is heavily wounded.
The orc closely misses you.
An orc comes into view. It is wielding a whip.
The orc shouts!
You hit the orc.
The orc explodes!
The fiery explosion engulfs you!
Ouch! That really hurt!
You die...

o# .# # o# #.
.# .##.####.#
......§§§#
......§§§#
#...§@######.
#............
#.....#######
#.....#
#######


You could see an orc priest and an orc.

Vanquished Creatures
  An orc wizard (D:3)
  Jessica (D:2)
  Ijyb (D:2)
  An adder (D:2)
  4 oozes
  4 worms
  A giant gecko (D:3)
  4 orcs (D:3)
  4 giant cockroaches
  9 goblins
  8 hobgoblins
  3 jackals (D:1)
  9 kobolds
  2 quokkas
  6 bats
  2 giant newts
  10 rats
70 creatures vanquished.

Notes
Turn   | Place    | Note
--------------------------------------------------------------
     0 | D:1      | namelastname112 the Draconian Wanderer began the quest for the Orb.
     0 | D:1      | namelastname112 set off with: a +2 dagger, a potion of haste, a +0 hand crossbow, 28 bolts, a +0 hand axe, a bread ration
     0 | D:1      | Reached XP level 1. HP: 27/27 MP: 1/1
   112 | D:1      | Reached XP level 2. HP: 31/35 MP: 2/2
   128 | D:1      | Reached skill level 1 in Dodging
   799 | D:2      | Reached XP level 3. HP: 27/40 MP: 3/3
  1093 | D:2      | Noticed Ijyb
  1108 | D:2      | Killed Ijyb
  1108 | D:2      | Reached skill level 8 in Fighting
  1108 | D:2      | Reached XP level 4. HP: 38/48 MP: 4/4
  1291 | D:2      | Noticed Jessica
  1295 | D:2      | Killed Jessica
  1442 | D:2      | Found a shadowy altar of Dithmenos.
  1928 | D:3      | Reached XP level 5. HP: 39/53 MP: 5/5
  2136 | D:3      | Found a glowing silver altar of Zin.
  2140 | D:3      | Found a white marble altar of Elyvilon.
  2380 | D:3      | Found a shattered altar of Ashenzari.
  2512 | D:4      | Killed from afar by an orc

Vault maps used:
D:1:      dpeg_arrival_simpleton_a, serial_forest, infiniplex_forest_end_2,
          infiniplex_forest_straight_2, infiniplex_forest_clump_diagonal,
          infiniplex_forest_clump_tiny, infiniplex_forest_lined_corner,
          infiniplex_forest_straight_3, minmay_misc_feat_columns
D:2:      nicolae_dithmenos_through_a_glass_darkly, uniq_iyjb, uniq_jessica
D:3:      nicolae_overflow_hidden_temple, minitemple, small_statue_intersection
D:4:      bloody_trog, minmay_temple_entry_statues, enter_ossuary_3,
          portal_sewer_entry_f, fedhas_altar_4

Action                   |  1- 3 |  4- 6 || total
-------------------------+-------+-------++-------
Melee: Hand axe          |   102 |       ||   102
       Dagger            |       |   125 ||   125
 Fire: Hand crossbow     |     7 |       ||     7
  Use: Scroll            |       |     4 ||     4
 Stab: Sleeping          |     1 |       ||     1
  Eat: Chunk             |     1 |     4 ||     5
